 Dungeon Crawl Stone Soup version 0.21.1-1-g345015f (webtiles) character file.

128191 inc the Spry (level 16, -22/79 HPs)
             Began as a Felid Enchanter on Mar 10, 2018.
             Was the Champion of Ru.
             Annihilated by a deep troll (28 damage)
             ... led by an ironheart preserver
             ... on level 3 of the Vaults on Mar 11, 2018.
             The game lasted 02:07:39 (44648 turns).

inc the Spry (Felid Enchanter)                     Turns: 44648, Time: 02:07:40

Health: -22/79     AC:  8    Str:  4    XL:     16   Next: 18%
Magic:  0/32       EV: 36    Int: 22    God:    Ru [******]
Gold:   2891       SH:  0    Dex: 21    Spells: 10/27 levels left
                                        Lives:  0   Deaths: 2

rFire    . . .     SeeInvis +     - Unarmed
rCold    + + .     Gourm    .   (shield unavailable)
rNeg     . . .     Faith    .   (armour unavailable)
rPois    .         Spirit   +   (helmet unavailable)
rElec    +         Reflect  .   (cloak unavailable)
rCorr    .         Harm     .   (gloves unavailable)
MR       +++..     Clarity  +   (boots unavailable)
Stlth    ++++++....             y - amulet of guardian spirit
HPRegen  0.23/turn              U - ring of the Empire {rElec MP+9 Dex+3}
MPRegen  0.23/turn              C - +5 ring of protection

@: no potions, slowed, slow
A: very small, no armour, no weapons or thrown items, stealth, claws 1, fangs 3,
see invisible, carnivore, clarity, cold resistance 1, speed 1, low mp 1, magic
resistance 1, sense surroundings 1, shaggy fur 3, slow metabolism 1, inability
to drink while threatened, inability to use devices, inexperienced 1, sharp
paws, missing an eye
}: 1/15 runes: decaying
a: Draw Out Power, Power Leap, Apocalypse, Renounce Religion


You were on level 3 of the Vaults.
You worshipped Ru.
Ru was exalted by your worship.
You were not hungry.

You visited 5 branches of the dungeon, and saw 30 of its levels.
You also visited: Sewer, Ice Cave and Desolation.

You collected 3099 gold pieces.
You spent 208 gold pieces at shops.

Inventory:

Jewellery
 e - an uncursed ring of fire
 m - an uncursed ring of protection from magic
 o - an uncursed ring of ice
 r - a +4 ring of dexterity
 v - an uncursed ring of protection from cold
 y - an amulet of guardian spirit (around neck)
 B - an uncursed ring of stealth
 C - a +5 ring of protection (right paw)
 D - the ring "Zekhleal" {Wiz Dex+2}
   (You found it in an ice cave)

   [ring of wizardry]

   It improves your spell success rate.
   It affects your dexterity (+2).
 F - an uncursed ring of stealth
 K - an uncursed amulet of magic regeneration
 M - a +3 ring of protection
 P - an uncursed amulet of regeneration
 R - a +4 ring of dexterity
 U - the ring of the Empire (left paw) {rElec MP+9 Dex+3}
   (You found it in an ice cave)

   [ring of dexterity]

   It affects your dexterity (+3).
   It insulates you from electricity.
   It affects your magic capacity (+9).
 W - a +1 ring of slaying
 X - an uncursed ring of ice
 Y - a cursed -5 ring of dexterity
Scrolls
 d - 16 scrolls of teleportation
 f - 4 scrolls of fear
 n - 5 scrolls of amnesia
 p - 2 scrolls of identify
 t - 2 scrolls of blinking
 E - 9 scrolls of remove curse
 I - 3 scrolls of brand weapon {unknown}
 J - 3 scrolls of silence
 Q - 5 scrolls of fog
 V - a scroll of acquirement {unknown}
Potions
 g - 3 potions of cancellation
 h - 4 potions of flight
 i - 3 potions of invisibility
 j - a potion of ambrosia {unknown}
 k - 4 potions of might
 q - 2 potions of magic
 u - 2 potions of brilliance
 w - 9 potions of curing
 x - a potion of mutation
 z - 3 potions of haste
 G - 4 potions of lignification
 H - a potion of berserk rage
 O - a potion of resistance
 S - 6 potions of agility
 Z - a potion of heal wounds
Books
 a - a book of Maledictions

   Spells                             Type                      Level
   a - Corona                         Hexes                        1
   b - Ensorcelled Hibernation        Hexes/Ice                    2
   c - Confuse                        Hexes                        3
   d - Tukima's Dance                 Hexes                        3
   e - Dazzling Spray                 Conjuration/Hexes            3
 c - a book of Debilitation

   Spells                             Type                      Level
   a - Corona                         Hexes                        1
   b - Slow                           Hexes                        2
   c - Inner Flame                    Hexes/Fire                   3
   d - Portal Projectile              Hexes/Translocation          3
   e - Cause Fear                     Hexes                        4
   f - Leda's Liquefaction            Hexes/Earth                  4
 l - a book of Misfortune

   Spells                             Type                      Level
   a - Confusing Touch                Hexes                        1
   b - Confuse                        Hexes                        3
   c - Gell's Gravitas                Translocation                3
   d - Petrify                        Transmutation/Earth          4
   e - Metabolic Englaciation         Hexes/Ice                    5
   f - Yara's Violent Unravelling     Hexes/Transmutation          5
 s - the Collected Works on Calling and Enchantment
   (You found it on level 5 of the Dungeon)

   Spells                             Type                      Level
   a - Summon Butterflies             Summoning                    1
   b - Summon Small Mammal            Summoning                    1
   c - Call Imp                       Summoning                    2
   d - Portal Projectile              Hexes/Translocation          3
   e - Spectral Weapon                Hexes/Charms                 3
   f - Silence                        Hexes/Air                    5
   g - Summon Demon                   Summoning                    5
 A - a Young Poisoner's Handbook

   Spells                             Type                      Level
   a - Sting                          Conjuration/Poison           1
   b - Poisonous Vapours              Poison/Air                   2
   c - Mephitic Cloud                 Conjuration/Poison/Air       3
   d - Olgreb's Toxic Radiance        Poison                       4
   e - Venom Bolt                     Conjuration/Poison           5
 L - a book of Conjurations

   Spells                             Type                      Level
   a - Magic Dart                     Conjuration                  1
   b - Searing Ray                    Conjuration                  2
   c - Dazzling Spray                 Conjuration/Hexes            3
   d - Fulminant Prism                Conjuration/Hexes            4
   e - Force Lance                    Conjuration/Translocation    4
   f - Iskenderun's Mystic Blast      Conjuration                  4
 N - a book of Ice

   Spells                             Type                      Level
   a - Ice Form                       Ice/Transmutation            4
   b - Metabolic Englaciation         Hexes/Ice                    5
   c - Ozocubu's Refrigeration        Ice                          6
   d - Bolt of Cold                   Conjuration/Ice              6
   e - Freezing Cloud                 Conjuration/Ice/Air          6
   f - Simulacrum                     Ice/Necromancy               6
 T - a book of Changes

   Spells                             Type                      Level
   a - Beastly Appendage              Transmutation                1
   b - Sticks to Snakes               Transmutation                2
   c - Spider Form                    Transmutation/Poison         3
   d - Ice Form                       Ice/Transmutation            4
   e - Blade Hands                    Transmutation                5
Comestibles
 b - 54 rations


   Skills:
 - Level 14.1 Fighting
 - Level 18.7 Dodging
 - Level 13.7 Stealth
 - Level 16.6 Unarmed Combat
 - Level 6.1 Spellcasting
 + Level 16.3 Hexes
 - Level 2.7 Summonings
 - Level 9.7 Transmutations
 - Level 5.2 Ice Magic


You had 10 spell levels left.
You knew the following spells:

 Your Spells              Type           Power        Failure   Level  Hunger
a - Corona                Hex            ######.      0%          1    None
b - Ensorcelled Hibernat  Hex/Ice        ######       1%          2    None
c - Confuse               Hex            ######..     1%          3    #......
d - Confusing Touch       Hex            ######       0%          1    None
e - Summon Butterflies    Summ           ###.....     3%          1    None
f - Blade Hands           Tmut           #####.....   4%          5    #####..
g - Cause Fear            Hex            ######....   1%          4    ###....


Dungeon Overview and Level Annotations

Branches:
Dungeon (15/15)            Temple (0/1) D:5            Lair (6/6) D:8
  Swamp (4/4) Lair:4        Snake (0/4) Lair:3        Slime (0/5) Lair:6
    Orc (2/2) D:9             Elf (0/3) Orc:2        Vaults (3/5) D:13
  Crypt (0/3) Vaults:3     Depths (0/5) D:15

Altars:
Hepliaklqana
Makhleb
Okawaru
Ru
Uskayaw
Xom
The Shining One
Jiyva

Shops:
D:5 (   D:8 %   D:13 [   Orc:2 (%!%   Vaults:1 :

Annotations:
D:2 Robin
D:3 VLARC's ghost, amateur VSAK


Innate Abilities, Weirdness & Mutations

You cannot wear armour.
You are incapable of wielding weapons or throwing items.
Your paws allow you to move quietly. (Stealth)
You have sharp claws.
You have razor-sharp teeth.
You have supernaturally acute eyesight. (SInv)
You are carnivorous and can eat meat at any time.
You cover ground quickly.
Your thick and shaggy fur keeps you warm. (AC +3, rC+)
You have a slow metabolism.
You cannot drink potions while threatened.
You cannot study or use magical devices.
You are somewhat inexperienced. (-2 XL)
Your sharp claws are effective at attacking unaware monsters.
You are missing an eye, making it more difficult to aim.
You possess an exceptional clarity of mind.
Your flesh is cold resistant. (rC+)
Your magical capacity is low. (-10% MP)
You are resistant to hostile enchantments. (MR+)
You passively map a small area around you.


Message History

You claw the shadow wraith!
You destroy the shadow wraith!
Your life force feels restored.
You can drink potions again.
You scratch the deep troll but do no damage.
The deep troll misses you. The deep troll barely misses you.
The deep troll claws you!!
You feel threatened and lose the ability to drink potions!
You scratch the deep troll.
The deep troll is lightly wounded.
The deep troll bites you but does no damage.
The deep troll completely misses you. x2
The deep troll shaman begins to pray, but is stunned by your will!
You closely miss the deep troll.
You bite the deep troll, but do no damage.
The deep troll is lightly wounded.
The deep troll bites you! The deep troll claws you!!
* * * LOW HITPOINT WARNING * * *
You focus your will and paralyse the deep troll in retribution!
The deep troll claws you!!
You die...

* ,#.#.....#W# #+##** ,*
#.#.....#.# ....
#.#..>.)#p# ..... *
,#†#.....#.# ....., ## ,
#.#.....#.# ...... ##.
#.#######.#*......##.. *
#....TT...# ......'... ,
#####T##### #+#* #.<. * *
#@# #.# #.# #...
##.###.###.## ##''
#...#...#...# ##..
#...#...#...# #... ,*
####.###.######..## * ###
####.###.#####..##.
####.####.#...#...#.#..##..
,,
#.##.##.'.#...#...#.'..#...
#..#.#..##.###.###.##..##..


You could see 2 deep trolls and a deep troll shaman.

Vanquished Creatures
  the Lernaean hydra (Swamp:4)
  Jorgrun (Swamp:4)
  The ghost of Ratty the Sorcerer, an adept DENe of Kikubaaqudgha (Vaults:2)
  An imperial myrmidon (Desolation)
  A frost giant (IceCv)
  A vault warden (Vaults:2)
  4 ironheart preservers
  Azrael (D:15)
  A crystal guardian (Desolation)
  2 ettins (Orc:2)
  The ghost of Serooblart the Warrior, a journeyman MiFi (D:9)
  2 ragged hierophants (Desolation)
  8 ogre magi
  2 fire dragons
  4 yaktaur captains
  An ice dragon (Vaults:1)
  Fannar (D:11)
  A servant of whispers (Vaults:2)
  A ghost crab (Swamp:2)
  18 hydras
  4 rakshasas
  A peacekeeper (Vaults:2)
  A catoblepas (Lair:6)
  6 centaur warriors
  A death knight (Vaults:3)
  20 two-headed ogres
  5 alligators
  An orc high priest (Orc:1)
  A vampire mage (Vaults:3)
  Sonja (D:15)
  A soul eater (Vaults:3)
  3 spriggans
  A shadow wraith (Vaults:3)
  2 deep elf knights
  A sixfirhy (D:14)
  A skeletal warrior (D:13)
  A spriggan druid (Swamp:3)
  3 unseen horrors
  A swamp dragon (shapeshifter) (Vaults:1)
  2 deep trolls (Orc:2)
  An orange crystal statue (Vaults:1)
  7 swamp dragons
  A glowing orange brain (D:15)
  A wizard (Lair:6)
  6 orc knights
  Pikel (D:6)
  2 harpies (Vaults:2)
  A necromancer (Vaults:2)
  2 wolf spider zombies
  4 ironbrand convokers
  4 oklob plants (Lair:4)
  2 fire giant zombies (Vaults:2)
  2 wolf spiders (Vaults:2)
  The ghost of Caim the Ducker, a novice BaSk of Qazlal (D:5)
  35 ugly things
  4 orc sorcerers
  6 cyclopes
  9 elephants
  Maurice (D:10)
  2 moths of wrath (shapeshifter)
  2 manticores
  A centaur zombie (D:11)
  An elephant (shapeshifter) (D:15)
  7 vault sentinels
  A guardian serpent (Desolation)
  7 black mambas
  An ice statue (IceCv)
  A gargoyle (D:15)
  7 centaur skeletons
  A yaktaur zombie (Vaults:2)
  A torpor snail (Lair:3)
  11 yaktaurs
  An efreet (D:15)
  16 spiny frogs
  7 komodo dragons
  8 rime drakes
  A komodo dragon (shapeshifter) (Vaults:3)
  A tengu conjurer (D:13)
  A red devil (Lair:6)
  A queen bee (Lair:2)
  9 trolls
  7 hornets
  14 polar bears
  6 tyrant leeches
  19 slime creatures
  16 blink frogs
  11 bog bodies
  A stone giant simulacrum (Vaults:2)
  12 saltlings
  14 hippogriffs
  2 human simulacra (Vaults:1)
  Grinder (D:6)
  Sigmund (D:6)
  A tarantella (shapeshifter) (D:13)
  5 shadows
  10 wyverns
  A hog (shapeshifter) (D:15)
  3 wraiths
  2 fire elementals (D:15)
  84 yaks
  A human (shapeshifter) (Vaults:1)
  2 hungry ghosts
  6 basilisks
  23 vampire mosquitoes
  A redback simulacrum (D:15)
  A yaktaur simulacrum (Vaults:2)
  3 insubstantial wisps (Swamp:2)
  A soldier ant (D:11)
  3 acid dragons
  3 wargs
  14 swamp worms
  4 porcupines
  9 hell hounds
  22 water moccasins
  4 ice beasts
  2 sky beasts
  A black bear (shapeshifter) (Vaults:2)
  14 swamp drakes
  2 hornet zombies
  25 orc warriors
  A black bear (Lair:2)
  A slave (D:6)
  A phantom (D:10)
  40 ogres
  6 boggarts
  16 wolves (IceCv)
  7 centaurs
  A human skeleton (Vaults:2)
  14 crocodiles
  7 big kobolds
  29 bullfrogs
  2 human zombies (Vaults:2)
  3 gnoll sergeants (D:9)
  4 scorpions
  33 killer bees
  9 wights
  2 howler monkeys
  4 electric eels
  A bullfrog zombie (D:5)
  3 crimson imps
  3 hounds
  A quasit (D:9)
  6 jellies
  13 orc priests
  3 bullfrog skeletons
  5 iguanas
  Jessica (D:2)
  5 worker ants
  15 orc wizards
  A hound zombie (D:5)
  5 gnolls (D:9)
  15 adders
  A river rat (D:5)
  3 shadow imps
  3 oozes (Lair:6)
  An adder zombie (D:6)
  An adder skeleton (D:5)
  4 worms
  A dart slug (D:3)
  3 leopard geckos
  73 orcs
  6 bats
  5 giant cockroaches
  10 goblins
  7 hobgoblins
  8 jackals
  4 quokkas
  3 ball pythons
  2 frilled lizards (D:1)
  23 kobolds
  A leopard gecko zombie (D:5)
  A quokka skeleton (D:4)
  A quokka zombie (D:8)
  13 rats
  8 plants
1078 creatures vanquished.

Vanquished Creatures (others)
  A shambling mangrove (Swamp:1)
  2 harpies (Vaults:2)
  A necromancer (Vaults:2)
  A yaktaur (Vaults:2)
  A troll (Orc:2)
  A polar bear (IceCv)
  2 yaks
  A wyvern (D:8)
  An insubstantial wisp (Swamp:2)
  4 wolves (IceCv)
  An ogre (Vaults:2)
  An orc wizard (D:7)
  An orc (Orc:1)
  4 fungi
  4 plants
26 creatures vanquished.

Grand Total: 1104 creatures vanquished

Notes
Turn   | Place    | Note
-------+----------+-------------------------------------------
     0 | D:1      | inc the Felid Enchanter began the quest for the Orb.
     0 | D:1      | Reached XP level 1. HP: 7/7 MP: 4/4
   828 | D:2      | Noticed Jessica
   832 | D:2      | Killed Jessica
   832 | D:2      | Reached XP level 2. HP: 11/11 MP: 6/6
   832 | D:2      | Reached XP level 3. HP: 14/14 MP: 7/7
   978 | D:2      | Noticed Robin
  1285 | D:2      | Reached XP level 4. HP: 18/18 MP: 8/8
  1886 | D:3      | Found a hazy altar of Hepliaklqana.
  2014 | D:3      | Found a sacrificial altar of Ru.
  2027 | D:3      | Became a worshipper of Ru the Awakened
  2061 | D:3      | Noticed VLARC's ghost (amateur VSAK)
  2196 | D:2      | Learned a level 2 spell: Ensorcelled Hibernation
  2200 | D:2      | Learned a level 3 spell: Confuse
  2920 | D:4      | Reached skill level 5 in Unarmed Combat
  2920 | D:4      | Reached XP level 5. HP: 19/21 MP: 0/9
  3077 | D:4      | Found a hide-covered altar of Uskayaw.
  3539 | D:4      | Gained mutation: You are covered in thick fur. (AC +2) [Felid growth]
  3539 | D:4      | Reached XP level 6. HP: 5/24 MP: 2/10
  3606 | D:4      | Gained mutation: You are somewhat inexperienced. (-2 XL) [Ru sacrifice]
  3606 | D:4      | Reached XP level 5. HP: 11/21 MP: 9/9
  3606 | D:4      | Reached XP level 4. HP: 11/18 MP: 8/8
  3606 | D:4      | Reached * piety under Ru
  3606 | D:4      | Reached ** piety under Ru
  4227 | D:4      | Reached skill level 1 in Ice Magic
  4227 | D:4      | Reached XP level 5. HP: 21/21 MP: 6/9
  4353 | D:5      | Entered Level 5 of the Dungeon
  4359 | D:5      | Reached skill level 5 in Hexes
  4365 | D:5      | Noticed an ice beast
  4385 | D:5      | Killed an ice beast
  4385 | D:5      | Reached XP level 6. HP: 24/24 MP: 4/10
  4508 | D:5      | Found a glowing golden altar of the Shining One.
  4596 | D:5      | Found Juet's Antique Weapon Emporium.
  4981 | D:5      | Found a glowing drain.
  4986 | Sewer    | Entered a sewer
  5218 | Sewer    | Reached skill level 3 in Dodging
  5218 | Sewer    | Reached XP level 7. HP: 27/27 MP: 1/11
  5334 | Sewer    | Found a white marble altar of Elyvilon.
  5466 | D:5      | Reached skill level 4 in Dodging
  5482 | D:5      | Found a staircase to the Ecumenical Temple.
  5520 | D:5      | Noticed Caim's ghost (novice BaSk)
  5522 | D:5      | Reached skill level 5 in Dodging
  5811 | D:5      | Identified the Collected Works on Calling and Enchantment
  6076 | D:5      | Killed Caim's ghost
  6076 | D:5      | Reached skill level 8 in Dodging
  6076 | D:5      | Reached XP level 8. HP: 20/31 MP: 2/12
  6526 | D:6      | Noticed Grinder
  6528 | D:6      | Reached skill level 1 in Fighting
  6538 | D:6      | Killed Grinder
  6720 | D:5      | Gained mutation: You cannot drink potions while threatened. [Ru sacrifice]
  6720 | D:5      | Reached *** piety under Ru
  6808 | D:6      | Reached skill level 5 in Fighting
  7238 | D:6      | Noticed Sigmund
  7243 | D:6      | Killed Sigmund
  7243 | D:6      | Reached skill level 5 in Stealth
  7243 | D:6      | Reached XP level 9. HP: 41/41 MP: 10/13
  8014 | D:7      | Noticed Pikel
  8165 | D:6      | Killed Pikel
  8733 | D:8      | Noticed a two-headed ogre
  8764 | D:8      | Killed a two-headed ogre
  9000 | D:8      | Reached skill level 9 in Dodging
  9198 | D:8      | Found Upyc's Food Shoppe.
  9568 | D:9      | Reached XP level 10. HP: 45/45 MP: 11/14
  9654 | D:9      | Noticed Serooblart's ghost (journeyman MiFi)
  9658 | D:9      | Reached skill level 10 in Dodging
  9668 | D:9      | Gained mutation: You cannot study or use magical devices. [Ru sacrifice]
  9668 | D:9      | Reached **** piety under Ru
  9668 | D:9      | Reached ***** piety under Ru
 10002 | D:9      | Found a burning altar of Makhleb.
 10002 | D:9      | Found a shimmering altar of Xom.
 10291 | D:10     | Entered Level 10 of the Dungeon
 10291 | D:10     | Noticed Maurice
 10294 | D:10     | Killed Maurice
 10492 | D:10     | Noticed an unseen horror
 10500 | D:10     | Killed an unseen horror
 11732 | D:11     | Noticed a cyan ugly thing
 11818 | D:11     | Killed a cyan ugly thing
 12449 | D:11     | Reached skill level 10 in Unarmed Combat
 12669 | D:11     | Reached XP level 11. HP: 48/48 MP: 10/15
 12970 | D:11     | Noticed Fannar
 13388 | D:9      | Found a staircase to the Orcish Mines.
 14043 | D:9      | Reached skill level 10 in Hexes
 14377 | D:8      | Found a staircase to the Lair.
 14419 | Lair:1   | Entered Level 1 of the Lair of Beasts
 14810 | Lair:2   | Reached skill level 5 in Ice Magic
 15119 | Lair:2   | Noticed a four-headed hydra
 15162 | Lair:2   | Killed a four-headed hydra
 15270 | Lair:2   | Reached skill level 5 in Spellcasting
 15896 | Lair:3   | Gained mutation: Your thick and shaggy fur keeps you warm. (AC +3, rC+) [Felid growth]
 15896 | Lair:3   | Reached XP level 12. HP: 52/52 MP: 16/21
 16034 | Lair:3   | Found a staircase to the Snake Pit.
 16156 | Lair:1   | Learned a level 1 spell: Confusing Touch
 16158 | Lair:1   | Learned a level 1 spell: Summon Butterflies
 16205 | Lair:1   | Reached skill level 1 in Summonings
 18202 | Lair:3   | Reached skill level 10 in Fighting
 18447 | Lair:4   | Noticed a six-headed hydra
 18448 | Lair:4   | Found a staircase to the Swamp.
 18451 | Lair:4   | Killed a six-headed hydra
 18557 | Lair:4   | Noticed an eight-headed hydra
 18754 | Lair:4   | Killed an eight-headed hydra
 18754 | Lair:4   | Reached XP level 13. HP: 40/63 MP: 13/23
 19025 | Lair:4   | You fall through a shaft!
 19097 | Lair:5   | Gained mutation: You are missing an eye, making it more difficult to aim. [Ru sacrifice]
 19097 | Lair:5   | Reached ****** piety under Ru
 20287 | Lair:6   | Entered Level 6 of the Lair of Beasts
 21004 | Lair:6   | Found a runed door.
 21005 | Lair:6   | Found a viscous altar of Jiyva.
 21389 | Lair:6   | Found a burning altar of Makhleb.
 21474 | Lair:6   | Found a staircase to the Slime Pits.
 21699 | Lair:6   | Reached XP level 14. HP: 68/68 MP: 17/24
 23078 | D:9      | Killed Serooblart's ghost
 23212 | D:11     | Killed Fannar
 23320 | D:11     | Reached skill level 15 in Unarmed Combat
 24451 | D:13     | Found Meho's Antique Armour Emporium.
 24855 | D:13     | Found a gate to the Vaults.
 25844 | D:14     | Found a burning altar of Makhleb.
 26557 | D:14     | Found a runed door.
 26577 | D:14     | Reached XP level 15. HP: 72/72 MP: 6/25
 27596 | D:15     | Entered Level 15 of the Dungeon
 27646 | D:15     | Noticed Sonja
 27738 | D:15     | Killed Sonja
 28673 | D:15     | Noticed Azrael
 28687 | D:15     | Killed Azrael
 28909 | D:15     | Reached skill level 15 in Hexes
 29356 | D:15     | Found a staircase to the Depths.
 29609 | Orc:1    | Entered Level 1 of the Orcish Mines
 30272 | Orc:2    | Entered Level 2 of the Orcish Mines
 30300 | Orc:2    | Found Kiomiub's Distillery.
 30304 | Orc:2    | Found an iron altar of Okawaru.
 30305 | Orc:2    | Found Byugesk's Food Boutique.
 30307 | Orc:2    | Reached skill level 11 in Dodging
 30307 | Orc:2    | Reached skill level 12 in Dodging
 30310 | Orc:2    | Found Vafamih's Food Shoppe.
 30367 | Orc:2    | Reached skill level 13 in Dodging
 30568 | Orc:2    | Found Ilexesus's Antique Weapon Boutique.
 30593 | Orc:2    | Bought a potion of mutation for 104 gold pieces
 30593 | Orc:2    | Bought 2 potions of agility for 104 gold pieces
 30634 | Orc:2    | Found a frozen archway.
 30640 | IceCv    | Entered an ice cave
 31156 | IceCv    | Reached skill level 14 in Dodging
 31655 | IceCv    | Noticed a frost giant
 31679 | IceCv    | Killed a frost giant
 31695 | IceCv    | Reached XP level 16. HP: 62/76 MP: 13/26
 31711 | IceCv    | Got a faintly glowing ivory ring
 31713 | IceCv    | Got a vibrating lead ring
 31762 | IceCv    | Identified the ring "Zekhleal" {Wiz Dex+2} (You found it in an ice cave)
 31764 | IceCv    | Identified the ring of the Empire {rElec MP+9 Dex+3} (You found it in an ice cave)
 31878 | Orc:2    | Reached skill level 15 in Dodging
 32037 | Orc:2    | Found a staircase to the Elven Halls.
 32464 | Orc:1    | Paralysed by an orc sorcerer for 7 turns
 33673 | Swamp:1  | Entered Level 1 of the Swamp
 33939 | Swamp:1  | Gained mutation: Your muscles are strong. (Str +2) [potion of mutation]
 33939 | Swamp:1  | Gained mutation: You are frail. (-10% HP) [potion of mutation]
 33939 | Swamp:1  | Gained mutation: You passively map a small area around you. [potion of mutation]
 33940 | Swamp:1  | Lost mutation: Your muscles are strong. (Str +2) [potion of mutation]
 33940 | Swamp:1  | Lost mutation: You are frail. (-10% HP) [potion of mutation]
 33940 | Swamp:1  | Gained mutation: You possess an exceptional clarity of mind. [potion of mutation]
 33940 | Swamp:1  | Gained mutation: Your flesh is cold resistant. (rC+) [potion of mutation]
 33940 | Swamp:1  | Gained mutation: You are resistant to hostile enchantments. (MR+) [potion of mutation]
 34063 | Swamp:1  | Reached skill level 16 in Dodging
 35320 | Swamp:2  | Reached skill level 17 in Dodging
 35657 | Swamp:1  | Paralysed by a hornet for 1 turns
 36963 | Swamp:4  | Entered Level 4 of the Swamp
 37002 | Swamp:4  | Noticed Jorgrun
 38034 | Swamp:4  | Noticed the 27-headed Lernaean hydra
 38043 | Swamp:4  | Gained mutation: Your magical capacity is low. (-10% MP) [the power of Zot]
 38051 | Swamp:4  | Killed the 27-headed Lernaean hydra
 39250 | Swamp:4  | Killed Jorgrun
 39720 | Swamp:4  | Got a decaying rune of Zot
 40248 | Vaults:1 | Entered Level 1 of the Vaults
 40619 | Vaults:1 | Reached XP level 17. HP: 73/83 MP: 20/24
 41021 | Vaults:1 | Found Faosum's Book Boutique.
 41035 | Vaults:1 | Learned a level 5 spell: Blade Hands
 41052 | Vaults:1 | Reached skill level 1 in Transmutations
 41820 | Vaults:2 | Reached skill level 5 in Transmutations
 41868 | Vaults:2 | Found a ruined gateway.
 41884 | Desolati | Entered the Desolation of Salt
 41944 | Desolati | HP: 1/83 [saltling (14)]
 41952 | Desolati | Killed from afar by a ragged hierophant
 41953 | Desolati | Reached XP level 16. HP: -3/79 MP: 0/32
 42119 | Desolati | Killed from afar by a ragged hierophant
 42120 | Desolati | Reached XP level 15. HP: -5/75 MP: 0/31
 42245 | Vaults:2 | Noticed Ratty's ghost (adept DENe)
 42382 | Vaults:2 | Noticed a vault warden
 42392 | Vaults:2 | Killed a vault warden
 43185 | Vaults:2 | Reached skill level 18 in Dodging
 44093 | Vaults:2 | Killed Ratty's ghost
 44093 | Vaults:2 | Reached XP level 16. HP: 77/79 MP: 15/23
 44110 | Vaults:2 | Learned a level 4 spell: Cause Fear
 44506 | Vaults:3 | Found a staircase to the Crypt.
 44648 | Vaults:3 | Annihilated by a deep troll

Skill      XL: |  1  2  3  4  5  6  7  8  9 10 11 12 13 14 15 16 17 |
---------------+----------------------------------------------------+-----
Unarmed Combat | 3 5 6 10 13 16 | 16.6
Ice Magic      | 1 2 3 5 |  5.2
Hexes          | 5 6 11 15 16 | 16.3
Dodging        | 3 8 9 10 18 17 | 18.7
Fighting       | 5 11 14 | 14.1
Stealth        | 5 11 12 13 | 13.7
Spellcasting   | 5 6 |  6.1
Summonings     | 2 |  2.7
Transmutations | 9 7 6 |  9.7

Action                   |  1- 3 |  4- 6 |  7- 9 | 10-12 | 13-15 | 16-18 || total
-------------------------+-------+-------+-------+-------+-------+-------++-------
Melee: Unarmed           |    65 |   154 |   154 |   485 |  1068 |   497 ||  2423
       Punch             |     1 |     1 |     2 |    21 |    67 |    31 ||   123
       Bite              |     2 |     8 |     7 |    39 |    71 |    35 ||   162
 Cast: Ensorcelled Hiber |       |    61 |    64 |   184 |   393 |   205 ||   907
       Confuse           |       |     6 |    17 |    51 |    84 |    65 ||   223
       Corona            |       |       |     1 |       |       |       ||     1
       Blade Hands       |       |       |       |       |     9 |     2 ||    11
       Confusing Touch   |       |       |       |       |     3 |     9 ||    12
       Cause Fear        |       |       |       |       |       |     3 ||     3
       Summon Butterflie |       |       |       |       |       |     1 ||     1
Invok: Sacrifice Experie |       |     1 |       |       |       |       ||     1
       Sacrifice Drink   |       |       |     1 |       |       |       ||     1
       Sacrifice Artific |       |       |       |     1 |       |       ||     1
       Reject Sacrifices |       |       |       |     1 |       |       ||     1
       Draw Out Power    |       |       |       |     3 |     1 |     1 ||     5
       Apocalypse        |       |       |       |     2 |     7 |     4 ||    13
       Power Leap        |       |       |       |     1 |     7 |    11 ||    19
       Sacrifice an Eye  |       |       |       |       |     1 |       ||     1
  Use: Potion            |       |     5 |     1 |     2 |       |     8 ||    16
       Scroll            |       |     4 |     2 |    16 |     4 |     3 ||    29
 Stab: Sleeping          |    11 |    37 |    43 |   134 |   232 |   127 ||   584
       Distracted        |       |     3 |       |     7 |     8 |     5 ||    23
       Confused          |       |     4 |    11 |    12 |    51 |    37 ||   115
       Invisible         |       |     1 |       |     1 |     2 |     3 ||     7
       Paralysed         |       |       |       |     2 |    12 |     7 ||    21
       Fleeing           |       |       |       |       |       |     1 ||     1
  Eat: Ration            |       |     1 |       |     3 |       |     1 ||     5
       Chunk             |       |    18 |     7 |    32 |    32 |    24 ||   113
Armor: Skin              |     3 |     7 |    11 |    28 |   103 |    30 ||   182
Dodge: Dodged            |    45 |   107 |    95 |   413 |   862 |   486 ||  2008
